 Seeded DCSS version 0.29-a0-11-ga75d3d97ab (webtiles) character file.

Game seed: 3698939498586987721 (custom seed)

181 croobank the Stinger (level 5, 0/46 HPs)
             Began as an Octopode Venom Mage on Jan 29, 2022.
             Slain by a bullfrog skeleton (2 damage)
             ... on level 6 of the Dungeon.
             The game lasted 00:14:01 (3658 turns).

croobank the Stinger (Octopode Venom Mage)          Turns: 3658, Time: 00:14:02

Health: 0/46       AC: 22    Str:  8    XL:     5   Next: 61%
Magic:  1/9        EV:  2    Int: 19    God:
Gold:   91         SH:  0    Dex: 12    Spells: 3/9 levels left

rFire   . . .      SeeInvis .   o - staff of poison
rCold   . . .      Faith    .   (no shield)
rNeg    . . .      Spirit   .   (helmet currently unavailable)
rPois   +          Reflect  .   (no amulet)
rElec   .          Harm     .   (no ring)
rCorr   .          Rampage  .   (no ring)
Will    .....      NoTele   +   (no ring)
Stlth   ++........              (no ring)
HPRegen 0.15/turn               (no ring)
MPRegen 0.11/turn               (no ring)
                                (no ring)
                                (no ring)

@: brilliant, tree-form, attractive
A: stationary, stasis, torment immunity, boosted hp, almost no armour,
(amphibious), 8 rings, (camouflage 1), (gelatinous body 1), (nimble swimmer 1),
(tentacles)
a: no special abilities


You were on level 6 of the Dungeon.
You were a tree.
You visited 1 branch of the dungeon, and saw 4 of its levels.

You collected 91 gold pieces.

Inventory:

Hand Weapons
 a - a +0 dagger
 b - a +0 hunting sling
 f - a +0 whip
 m - a +0 whip of draining
Missiles
 e - 58 stones
 l - a throwing net
 n - 46 sling bullets
Magical Staves
 o - a staff of poison (weapon)
Scrolls
 c - a scroll of acquirement
 d - a scroll of magic mapping
 h - a scroll of identify
 j - a scroll of teleportation
Potions
 k - a potion of attraction


   Skills:
 + Level 3.0 Dodging
 + Level 4.2 Stealth
 + Level 2.8 Spellcasting
 + Level 2.4 Transmutations
 + Level 4.6 Poison Magic


You had 3 spell levels left.
You knew the following spells:

 Your Spells              Type           Power      Damage    Failure   Level
a - Sting                 Tmut/Pois      100%       1d8       3%          1
b - Poisonous Vapours     Pois/Air       50%        N/A       9%          2
c - Mephitic Cloud        Conj/Pois/Air  19%        N/A       24%         3

Your spell library contained the following spells:

 Spells                   Type           Power      Damage    Failure   Level
 Olgreb's Toxic Radiance  Pois           45%        N/A       22%         4


Dungeon Overview and Level Annotations

Branches:
Dungeon (3/15)

Altars:

Shops:
D:2 (


Innate Abilities, Weirdness & Mutations

You are a tree.
Your roots penetrate the ground, keeping you stationary.
You cannot be teleported.
You are immune to unholy pain and torment.
Your maximum health is greatly increased.
You cannot wear most types of armour.
((You are amphibious.))
You can wear up to eight rings at the same time.
((Your skin changes colour to match your surroundings (Stealth+).))
((Your rubbery body absorbs attacks. (AC +1, EV +1)))
((You are camouflaged when in or above water. (Stealth+)))
((You have tentacles for arms and can constrict up to eight enemies at once.))


Message History

You feel a strange sense of stasis.
It was a scroll of teleportation.
The bullfrog skeleton barely misses you.
As you read the scroll labelled MUAGRISMEA, it crumbles to dust.
It is a scroll of identify.
d - a scroll of magic mapping The bullfrog skeleton hits you but does no damage.
The bullfrog skeleton barely misses you.
Casting: Sting (safe; 3% risk of failure)
Confirm with . or Enter, or press ? or * to list all spells.
You can't see any susceptible monsters within range! (Use Z to cast anyway.) Unknown command.
Casting: Sting (safe; 3% risk of failure)
Confirm with . or Enter, or press ? or * to list all spells.
Aiming: Sting (safe; 3% risk of failure)
Press: ? - help, Shift-Dir - straight line, f/p - bullfrog skeleton
Aim: a bullfrog skeleton (moderately damaged, 92% to hit)
You feel a strong surge of power!
The sting hits the bullfrog skeleton.
The bullfrog skeleton partially resists.
The bullfrog skeleton is heavily damaged.
The bullfrog skeleton hits you but does no damage.
Casting: Sting (safe; 3% risk of failure)
Confirm with . or Enter, or press ? or * to list all spells.
Aiming: Sting (safe; 3% risk of failure)
Press: ? - help, Shift-Dir - straight line, f/p - bullfrog skeleton
Aim: a bullfrog skeleton (heavily damaged, 92% to hit)
You feel a strong surge of power!
The sting misses the bullfrog skeleton.
The bullfrog skeleton hits you but does no damage.
Casting: Sting (safe; 3% risk of failure)
Confirm with . or Enter, or press ? or * to list all spells.
Aiming: Sting (safe; 3% risk of failure)
Press: ? - help, Shift-Dir - straight line, f/p - bullfrog skeleton
Aim: a bullfrog skeleton (heavily damaged, 92% to hit)
You feel a strong surge of power!
The sting hits the bullfrog skeleton.
The bullfrog skeleton partially resists.
The bullfrog skeleton is heavily damaged.
The bullfrog skeleton hits you but does no damage. x2
You hit the bullfrog skeleton.
The bullfrog skeleton is severely damaged.
The bullfrog skeleton hits you.
You die...

## .. ## #.
#.###########
###.
#....(Z.Z..####
.).
##.Z##.###.....
#.## ##Z##.#
#.##.#
#.♣###Z###.#
#.##.#
.......#Z#.####.#
#.##.#
###.#####Z......#
#..... #
######### #.#...
#..... ##....
###.... ........
#####..#


You could see a bullfrog skeleton and a centaur skeleton.

Vanquished Creatures
  A scorpion (D:6)
  An iguana (D:2)
  3 gnolls (D:2)
  An adder (D:2)
  An orc (D:3)
  6 ball pythons
  5 bats
  5 endoplasms
  A goblin (D:3)
  6 hobgoblins
  10 jackals
  2 quokkas
  4 frilled lizards (D:2)
  3 kobolds
  3 rats
52 creatures vanquished.

Vanquished Creatures (others)
  A fungus (D:3)
  A plant (D:3)
2 creatures vanquished.

Grand Total: 54 creatures vanquished

Notes
Turn   | Place    | Note
-------+----------+-------------------------------------------
     0 | D:1      | croobank the Octopode Venom Mage began the quest for the
                  | Orb.
     0 | D:1      | Reached XP level 1. HP: 11/11 MP: 3/3
   638 | D:1      | Reached XP level 2. HP: 17/17 MP: 3/5
   645 | D:1      | Learned a level 2 spell: Poisonous Vapours
  1518 | D:2      | Reached XP level 3. HP: 17/21 MP: 1/6
  1778 | D:1      | Learned a level 3 spell: Mephitic Cloud
  2220 | D:2      | Found Afealo's Antique Weapon Shoppe.
  2464 | D:2      | Reached XP level 4. HP: 27/27 MP: 1/7
  3524 | D:3      | Reached XP level 5. HP: 25/31 MP: 2/8
  3602 | D:3      | You fall into a shaft and drop 3 floors!
  3603 | D:6      | Identified 2 scrolls of acquirement
  3603 | D:6      | Acquired a staff of poison
  3621 | D:6      | Noticed a black bear
  3645 | D:6      | HP: 1/31 [scorpion (1)]
  3652 | D:6      | HP: 1/46 [bullfrog skeleton (1)]
  3658 | D:6      | Slain by a bullfrog skeleton

Illustrated notes

Levels and vault maps discovered:
D:1:      roderic_octagonal_star, layout_loops_corners, serial_rivers,
          chequers_serial_rivers_room_b, chequers_serial_rivers_micro_e,
          chequers_serial_rivers_micro_c, chequers_serial_rivers_micro_a,
          chequers_serial_rivers_micro_e
D:2:      layout_loops_ring, serial_shops, shop_fountains
D:3:      layout_basic, tgw_trog, shapermc_ecumenical_altar_mp_ritualfount,
          grunt_ministairs_8
D:6:      layout_loops_cross, nicolae_specific_store

Skill      XL: |  1  2  3  4  5 |
---------------+----------------+-----
Stealth        | 3 4 |  4.2
Poison Magic   | 4 |  4.6
Transmutations | 2 |  2.4
Dodging        | 3 |  3.0
Spellcasting   | |  2.8

Action                   |  1- 3 |  4- 6 || total
-------------------------+-------+-------++-------
Melee: Dagger            |    45 |    36 ||    81
       Constrict         |    10 |    10 ||    20
       Tentacles         |    10 |    11 ||    21
       Staff             |       |     6 ||     6
 Cast: Sting             |    23 |    18 ||    41
       Poisonous Vapours |    21 |    14 ||    35
  Use: Scroll            |       |     3 ||     3
       Potion            |       |     3 ||     3
 Stab: Sleeping          |       |     1 ||     1
Armor: Skin              |     8 |    17 ||    25
Dodge: Dodged            |    24 |    40 ||    64

Table legend: (Time is in decaauts)
 A = Elapsed time spent in this place.
 B = Non-inter-level travel time spent in this place.
 C = Inter-level travel time spent in this place.
 D = Time resting spent in this place.
 E = Time spent auto-exploring this place.
 F = Levels seen in this place.
 G = Mean time per level.
                   A        B        C        D        E       F      G
               +--------+--------+--------+--------+--------+-----+--------+
         Total |   3660 |   3583 |     77 |    820 |   2166 |   4 |  915.0 |
       Dungeon |   3660 |   3583 |     77 |    820 |   2166 |   4 |  915.0 |
               +--------+--------+--------+--------+--------+-----+--------+

Top non-repeatable levels by time:
     D:1: 1768 daAuts
     D:2: 1470 daAuts
     D:3: 364 daAuts
     D:6: 56 daAuts
